 Dungeon Crawl Stone Soup version 0.29-a0-1043-g569b05d6ff (webtiles) character file.

Game seed: 10990951628791396343

16397 wingedge the Destroyer (level 12, -2/91 HPs)
             Began as a Human Conjurer on Aug 15, 2022.
             Was an Elder of Ashenzari.
             Splashed by a brown ugly thing's acid (9 damage)
             ... on level 12 of the Dungeon.
             The game lasted 01:20:25 (17485 turns).

wingedge the Destroyer (Human Conjurer)            Turns: 17485, Time: 01:20:26

Health: -2/91      AC: 10    Str: 14    XL:     12   Next: 69%
Magic:  11/25      EV: 12    Int: 18    God:    Ashenzari [****..]
Gold:   746        SH: 12    Dex: 14    Spells: 9/29 levels left

rFire   . . .      SeeInvis +   j - staff of conjuration (curse) {Melee, Bglg}
rCold   . . .      Faith    .   U - +2 kite shield of Ashenzari's Secrets {Comp, Fort} (curse)
rNeg    . . .      Spirit   .   f - +0 ring mail
rPois   .          Reflect  .   Z - +0 helmet
rElec   .          Harm     .   o - +1 cloak {Will+}
rCorr   .          Rampage  +   E - +0 pair of gloves of the Shattered Yoke {Bglg, Cun} (curse)
Will    ++...      Clarity  +   x - +1 pair of boots of Ashenzari's Seer {Rampage Str+7 Int-4, Bglg, Cun} (curse)
Stlth   ++........              (no amulet)
HPRegen 0.25/turn               l - ring "Shackled Seer" {Will+, Self, Elem} (curse)
MPRegen 0.19/turn               e - ring "Thunder Perfect Mind" {AC+4, Melee, Fort} (curse)

@: corroded, very slightly contaminated
A: no striking features
a: Renounce Religion, Curse Item, Shatter the Chains


You were on level 12 of the Dungeon.
You worshipped Ashenzari.
Ashenzari was greatly pleased with you.
You visited 2 branches of the dungeon, and saw 13 of its levels.
You also visited: Ossuary.

You collected 746 gold pieces.

Inventory:

Hand Weapons
 p - a +0 mace of holy wrath
 C - a +2 mace of protection
 T - the +8 shortbow "Coikaackyrgh" {speed, Drain Fly rCorr SInv}
   (You found it on level 8 of the Dungeon)

   Attacks with this weapon are significantly faster.
   SInv:      It lets you see invisible.
   Fly:       It grants you flight.
   rCorr:     It protects you from acid and corrosion.
   Drain:     It drains your maximum health when unequipped.
 X - the +7 dagger "Cadwuote" {antimagic, Will+ Str+2}
   (You took it off an orc on level 4 of the Dungeon)

   It reduces the magical energy of the wielder, and disrupts the spells and
   magical abilities of those it strikes.
   Natural abilities and divine invocations are not affected.
   Str:       It affects your strength (+2).
   Will:      It increases your willpower.
Missiles
 h - 5 silver boomerangs (quivered)
 z - a curare-tipped dart
Armour
 b - a +1 hat
 f - a +0 ring mail (worn)
 o - a +1 cloak of willpower (worn)
 u - a +0 scale mail of willpower
 x - the cursed +1 pair of boots of Ashenzari's Seer (worn) {Rampage Str+7 Int-4, Bglg, Cun}
   (You found it on level 3 of the Dungeon)

   Str:       It affects your strength (+7).
   Int:       It affects your intelligence (-4).
   Rampage:   It bestows one free step when moving towards enemies.
   It has a curse which improves the following skills: Beguiling: Conjurations,
   Hexes and Translocations.
   Cunning:   Dodging and Stealth.
 E - the cursed +0 pair of gloves of the Shattered Yoke (worn) {Bglg, Cun}
   (You found it on level 4 of the Dungeon)

   It has a curse which improves the following skills: Beguiling: Conjurations,
   Hexes and Translocations.
   Cunning:   Dodging and Stealth.
 R - a +0 pair of boots
 U - the cursed +2 kite shield of Ashenzari's Secrets (worn) {Comp, Fort}
   (You took it off a gnoll sergeant on level 10 of the Dungeon)

   It has a curse which improves the following skills: Companions: Summonings
   and Necromancy.
   Fortitude: Armour and Shields.
 Y - the +7 chain mail of the Fisher {rF+ rC+ Stlth+}
   (You took it off an orc warrior on level 4 of the Dungeon)

   rF:        It protects you from fire.
   rC:        It protects you from cold.
   Stlth:     It makes you more stealthy.
 Z - a +0 helmet (worn)
Magical Staves
 j - a cursed staff of conjuration (weapon) {Melee, Bglg}
 A - a staff of death
Jewellery
 e - the cursed ring "Thunder Perfect Mind" (right hand) {AC+4, Melee, Fort}
   (You took it off an orc on level 7 of the Dungeon)

   [ring of protection]

   AC:        It affects your AC (+4).
   It has a curse which improves the following skills: Melee Combat: Short
   Blades, Long Blades, Axes, Maces & Flails, Polearms, Staves and Unarmed
   Combat.
   Fortitude: Armour and Shields.
 l - the cursed ring "Shackled Seer" (left hand) {Will+, Self, Elem}
   (You found it on level 1 of the Dungeon)

   [ring of willpower]

   Will:      It increases your willpower.
   It has a curse which improves the following skills: Introspection: Fighting
   and Spellcasting.
   Elements:  Fire Magic, Ice Magic, Air Magic and Earth Magic.
 F - a ring of flight
 G - a ring of willpower
 L - a ring of protection from fire
Wands
 a - a wand of digging (3)
 k - a wand of light (2)
 y - a wand of polymorph (4)
 H - a wand of flame (23)
 I - a wand of paralysis (4)
Scrolls
 i - 2 scrolls of fog
 r - 5 scrolls of teleportation
 t - 3 scrolls of enchant weapon
 v - 2 scrolls of silence
 D - 2 scrolls of poison
 J - 3 scrolls of fear
 K - 4 scrolls of immolation
 N - a scroll of summoning
 P - 4 scrolls of vulnerability
 Q - 2 scrolls of magic mapping
 W - a scroll of amnesia
Potions
 d - 5 potions of flight
 g - 3 potions of lignification
 m - 6 potions of curing
 n - a potion of invisibility
 q - 6 potions of mutation
 s - 3 potions of brilliance
 w - a potion of heal wounds
 B - 4 potions of attraction
 M - a potion of might
 O - a potion of cancellation
Miscellaneous
 V - a tin of tremorstones (2/2)


   Skills:
 - Level 5.1(7.0) Fighting
 - Level 4.3(7.1) Staves
 - Level 5.1(8.0) Armour
 - Level 5.1(8.0) Dodging
 - Level 2.6(5.0) Stealth
 + Level 4.5(7.3) Shields
 + Level 7.4(9.4) Spellcasting
 - Level 8.5(12.4) Conjurations
 - Level 6.4(10.3) Hexes
 + Level 6.5(8.5) Necromancy
 - Level 3.2(5.0) Fire Magic
 - Level 3.2(5.0) Air Magic
 - Level 3.0 Poison Magic
 - Level 6.0 Evocations


You had 9 spell levels left.
You knew the following spells:

 Your Spells              Type           Power      Damage    Failure   Level
a - Magic Dart            Conj           100%       1d8       1%          1
b - Searing Ray           Conj           100%       2d8       1%          2
c - Fulminant Prism       Conj/Hex       32%        3d16      3%          4
d - Static Discharge      Conj/Air       56%        3-10/arc  1%          2
e - Sticky Flame          Conj/Fire      56%        2d7       11%         4
f - Mephitic Cloud        Conj/Pois/Air  49%        N/A       8%          3
g - Dispel Undead         Necr           39%        3d16      12%         4

Your spell library contained the following spells:

 Spells                   Type           Power      Damage    Failure   Level
 Shock                    Conj/Air       100%       1d9       1%          1
 Dazzling Flash           Conj/Hex       100%       N/A       1%          3
 Iskenderun's Mystic Bla  Conj/Tloc      47%        2d10      26%         4
 Call Imp                 Summ           9%         N/A       47%         2
 Eringya's Noxious Bog    Tmut/Pois      6%         N/A       100%        6


Dungeon Overview and Level Annotations

Branches:
Dungeon (12/15)            Temple (1/1) D:6            Lair (0/5) D:9
    Orc (0/2) D:11        Ossuary (visited)

Altars:
Ashenzari
Cheibriados
Dithmenos
Elyvilon
Fedhas
Gozag
Hepliaklqana
Kikubaaqudgha
Makhleb
Nemelex Xobeh
Okawaru
Qazlal
Ru
Sif Muna
Trog
Uskayaw
Vehumet
Wu Jian
Xom
Yredelemnul
Zin
The Shining One

Annotations:
D:10 need dig


Message History

The silver sears the brown ugly thing!
The brown ugly thing is almost dead.
Throw: 5 boomerangs (silver)
Press: ? - help, Q - select action, (/) - cycle Shift-Dir - straight line, f/p - brown ugly thing
Aim: a brown ugly thing (almost dead, 62% to hit, chaotic)
You throw a silver boomerang.
The silver boomerang hits the brown ugly thing but does no damage.
The silver sears the brown ugly thing!
The brown ugly thing is almost dead.
You hear the faint crackling of a distant melting archway.
The brown ugly thing stings you but does no damage.
Throw: 5 boomerangs (silver)
Press: ? - help, Q - select action, (/) - cycle Shift-Dir - straight line, f/p - brown ugly thing
Aim: a brown ugly thing (almost dead, 62% to hit, chaotic)
You throw a silver boomerang.
The silver boomerang hits the brown ugly thing but does no damage.
The silver sears the brown ugly thing!
The brown ugly thing is almost dead.
The brown ugly thing misses you.
Casting: Fulminant Prism (dangerous; 3% risk of failure)
Confirm with . or Enter, or press ? or * to list all spells.
You feel a surge of power!
You miscast Static Discharge.
You are very lightly contaminated with residual magic.
Nothing appears to happen.
The brown ugly thing stings you but does no damage.
Casting: Static Discharge (safe; 1% risk of failure)
Confirm with . or Enter, or press ? or * to list all spells.
You feel a surge of power!
The brown ugly thing is struck by an arc of lightning.
The brown ugly thing is almost dead.
You are struck by an arc of lightning.
* * * LOW HITPOINT WARNING * * *
The brown ugly thing is struck by an arc of lightning!
The brown ugly thing is almost dead.
You are struck by an arc of lightning.
* * * LOW HITPOINT WARNING * * *
The lightning grounds out.
The brown ugly thing stings you!
* * * LOW HITPOINT WARNING * * *
You are splashed with acid!
You die...

*,* *,** *,* #.#
*,*### #.# *,,..#
#.# ***#.# #.# #.#
#.#
##########.###.##
##########.###.####
##ยง..........u@...#
##.###.###.######.#
#....{.###..#####,*
#.)########.# *,*
#..# *.#****,* #..#
*.#,,,,,* #..#
*.#,*****
**#..#*******.#,*
,,...#,,,,,,,,*,*


You could see a brown ugly thing.

Vanquished Creatures
  Gastronok (D:11)
  A hydra (D:11)
  4 two-headed ogres
  Maurice (D:11)
  An unseen horror zombie (D:10)
  An unseen horror (D:11)
  A komodo dragon (D:9)
  A kobold demonologist (D:12)
  4 trolls
  The ghost of Stellion the Conjurer, an amateur DrCj of Hepliaklqana (D:4)
  4 slime creatures (D:12)
  A shadow (D:9)
  2 wraiths
  10 yaks
  A wyvern (D:9)
  8 vampire mosquitoes (D:11)
  3 water moccasins
  5 orc warriors
  A sky beast (D:8)
  A black bear (D:6)
  An ice beast (D:7)
  An ogre (D:5)
  A wolf (D:4)
  2 centaurs (D:7)
  A phantom (D:5)
  A kobold brigand (D:5)
  10 bullfrogs
  A gnoll sergeant (D:10)
  12 scorpions
  A necrophage (D:10)
  16 wights
  4 howler monkeys
  9 centaur zombies
  A human zombie (D:10)
  4 hounds
  3 jellies (D:2)
  6 orc priests
  5 iguanas
  Jessica (D:2)
  Natasha (thrice) (D:4)
  Terence (D:2)
  9 orc wizards
  A gnoll bouda (D:10)
  3 scorpion zombies (Ossuary)
  Ijyb (D:3)
  2 howler monkey zombies (D:10)
  5 mummies
  13 gnolls
  7 adders
  A shadow imp (D:5)
  4 white imps
  3 worms
  2 dart slugs
  54 orcs
  2 bats
  16 endoplasms
  5 giant cockroaches
  8 goblins
  4 hobgoblins
  10 jackals
  5 quokkas
  2 ball pythons
  3 frilled lizards
  3 gnoll zombies (Ossuary)
  2 hobgoblin zombies (Ossuary)
  15 kobolds
  A kobold zombie (Ossuary)
  3 orc zombies (Ossuary)
  6 rats
  2 fulminant prisms (D:9)
328 creatures vanquished.

Vanquished Creatures (others)
  134 fulminant prisms
  61 fungi
  34 plants (D:9)
  6 toadstools (D:2)
235 creatures vanquished.

Grand Total: 563 creatures vanquished

Notes
Turn   | Place    | Note
-------+----------+-------------------------------------------
     0 | D:1      | wingedge the Human Conjurer began the quest for the Orb.
     0 | D:1      | Reached XP level 1. HP: 13/13 MP: 3/3
   168 | D:1      | Reached skill level 1 in Fighting
   168 | D:1      | Reached XP level 2. HP: 21/21 MP: 0/5
   234 | D:1      | Learned a level 2 spell: Searing Ray
   234 | D:1      | Found a faded altar of an unknown god.
   623 | D:1      | Reached XP level 3. HP: 26/26 MP: 4/6
  1234 | D:2      | Noticed Jessica
  1236 | D:2      | Killed Jessica
  1237 | D:2      | Reached skill level 1 in Hexes
  1237 | D:2      | Reached XP level 4. HP: 32/32 MP: 3/7
  1283 | D:2      | Reached skill level 5 in Conjurations
  1584 | D:2      | Reached XP level 5. HP: 38/38 MP: 3/8
  1635 | D:2      | Learned a level 4 spell: Fulminant Prism
  1639 | D:2      | Noticed Terence
  1915 | D:2      | Killed Terence
  2446 | D:2      | Reached XP level 6. HP: 44/44 MP: 5/11
  3038 | D:3      | Identified the +1 pair of boots of the Okapi {Rampage Str+7
                  | Int-4}
  3087 | D:3      | Noticed Ijyb
  3095 | D:3      | Killed Ijyb
  3454 | D:3      | Reached skill level 1 in Armour
  3683 | D:3      | Found a burning altar of Makhleb.
  3751 | D:3      | Reached XP level 7. HP: 50/50 MP: 9/13
  3906 | D:3      | Found an ornate altar of the Wu Jian Council.
  3993 | D:4      | Found a runed translucent gate.
  3993 | D:4      | Found a runed translucent gate.
  3994 | D:4      | Identified the +7 dagger "Cadwuote" {antimagic, Will+
                  | Str+2}
  3995 | D:4      | Noticed Stellion's ghost (amateur DrCj)
  3996 | D:4      | Found a runed translucent gate.
  3996 | D:4      | Identified the +7 chain mail of the Fisher {rF+ rC+ Stlth+}
  4412 | D:4      | Noticed Eustachio
  4421 | D:4      | Noticed Eustachio
  4421 | D:4      | Eustachio changed into Eustachio the wolf
  4421 | D:4      | Killed Eustachio the wolf
  4422 | D:4      | Reached skill level 6 in Conjurations
  4482 | D:4      | Noticed Natasha
  4485 | D:4      | Killed Natasha
  4486 | D:4      | Reached skill level 1 in Staves
  4700 | D:4      | Noticed Natasha
  4703 | D:4      | Killed Natasha
  4940 | D:4      | Reached XP level 8. HP: 57/57 MP: 11/14
  5061 | D:4      | Noticed Natasha
  5066 | D:4      | Killed Natasha
  5372 | D:5      | Entered Level 5 of the Dungeon
  5943 | D:5      | Found a sparkling altar of Nemelex Xobeh.
  5980 | D:5      | Reached skill level 1 in Evocations
  6915 | D:5      | Found a radiant altar of Vehumet.
  6948 | D:5      | Found a broken altar of Ashenzari.
  7151 | D:5      | Became a worshipper of Ashenzari the Shackled
  7324 | D:6      | Found a staircase to the Ecumenical Temple.
  7331 | D:6      | Reached skill level 5 in Hexes
  7331 | D:6      | Reached XP level 9. HP: 65/65 MP: 6/15
  7454 | Temple   | Entered the Ecumenical Temple
  7831 | D:6      | Reached skill level 5 in Spellcasting
  7891 | D:6      | Reached skill level 1 in Air Magic
  7894 | D:6      | Learned a level 2 spell: Static Discharge
  7899 | D:6      | Learned a level 4 spell: Sticky Flame
  8013 | D:6      | Got Deukkyne's Cyclopedia of the Energetic Figure
  8016 | D:6      | Found a glowing golden altar of the Shining One.
  8256 | D:6      | Found a glowing silver altar of Zin.
  8257 | D:6      | Noticed an angel
  8490 | D:7      | Found a sand-covered staircase.
  8513 | Ossuary  | Entered an ossuary
  8581 | Ossuary  | Reached skill level 1 in Fire Magic
  9781 | D:7      | Noticed a two-headed ogre
  9795 | D:7      | Killed a two-headed ogre
  9796 | D:7      | Reached XP level 10. HP: 71/71 MP: 2/18
 10067 | D:7      | Reached * piety under Ashenzari
 10179 | D:7      | Reached skill level 7 in Conjurations
 10590 | D:7      | Learned a level 3 spell: Mephitic Cloud
 11038 | D:7      | Reached ** piety under Ashenzari
 11107 | D:8      | Reached skill level 1 in Poison Magic
 11568 | D:8      | Learned a level 4 spell: Dispel Undead
 11618 | D:8      | Found a snail-covered altar of Cheibriados.
 11860 | D:8      | Identified the amulet "Rodadergh" {Acrobat -Cast rElec rF+
                  | Dex+4}
 12118 | D:8      | Identified the +8 shortbow "Coikaackyrgh" {speed, Drain Fly
                  | rCorr SInv}
 12298 | D:9      | Noticed a two-headed ogre
 12305 | D:9      | Killed a two-headed ogre
 12306 | D:9      | Reached skill level 8 in Conjurations
 12447 | D:9      | Noticed a komodo dragon
 12458 | D:9      | Killed a komodo dragon
 12459 | D:9      | Reached XP level 11. HP: 63/79 MP: 1/21
 12687 | D:9      | Found a staircase to the Lair.
 13064 | D:9      | Reached *** piety under Ashenzari
 13081 | D:9      | Reached skill level 5 in Necromancy
 13548 | D:9      | Found a sacrificial altar of Ru.
 13812 | D:10     | Entered Level 10 of the Dungeon
 14241 | D:10     | Found a basalt altar of Yredelemnul.
 14288 | D:10     | Reached **** piety under Ashenzari
 14397 | D:10     | Reached skill level 1 in Shields
 14677 | D:10     | Found an ancient bone altar of Kikubaaqudgha.
 15097 | D:10     | Noticed a two-headed ogre
 15101 | D:10     | Noticed a two-headed ogre
 15242 | D:4      | Killed Stellion's ghost
 15642 | D:11     | Noticed Gastronok
 15660 | D:11     | Killed Gastronok
 15661 | D:11     | Reached skill level 5 in Fighting
 16013 | D:11     | Noticed a two-headed ogre
 16020 | D:11     | Killed a two-headed ogre
 16021 | D:11     | Reached XP level 12. HP: 38/91 MP: 7/24
 16249 | D:11     | Noticed Maurice
 16257 | D:11     | Killed Maurice
 16453 | D:11     | Found a staircase to the Orcish Mines.
 16510 | D:11     | Reached skill level 5 in Evocations
 16622 | D:11     | Noticed a two-headed ogre
 16639 | D:11     | Killed a two-headed ogre
 16780 | D:11     | Noticed a four-headed hydra
 16786 | D:11     | Killed a four-headed hydra
 17029 | D:11     | Reached skill level 5 in Dodging
 17462 | D:12     | Reached skill level 5 in Armour
 17485 | D:12     | Splashed by a brown ugly thing's acid

Illustrated notes

Levels and vault maps discovered:
D:1:      sevenhm_arrival_forest_fort_small_4, layout_loops_ring,
          hellmonk_ecumenical_altar_zigzags
D:2:      cheibrodos_fertilizer, layout_rooms, chequers_serial_rivers_micro_d,
          corexii_item_surrounded_by_moat, uniq_terence, uniq_jessica
D:3:      layout_loops_cross, lightli_temple_of_fire, pf_just_have_faith,
          uniq_ijyb
D:4:      layout_loops_ring, biasface_ghost_orc_armoury, grunt_ministairs_4,
          grunt_decor_fettered, dreamdust_mushroom_princess,
          minmay_diced_spiral, uniq_natasha, uniq_eustachio
D:5:      layout_loops_corners, mainiacjoe_overflow_24_doors,
          nicolae_ashenzari_skybound, kennysheep_mini_moat
D:6:      layout_cave_pools, zin_angel, nicolae_overflow_crystal_walls,
          temple_fountains
D:7:      layout_basic, enter_ossuary_1, grunt_ministairs_2
D:8:      layout_basic, cheibrodos_worm_habitat
D:9:      layout_gridville, amcnicky_altar_gilded, due_lair_maze_entry_diamond
D:10:     layout_long_grid, mainiacjoe_overflow_chevrons,
          lemuel_mausoleum_altar_kikubaaqudgha, onia_ninara_dug_in_and_dangerous
D:11:     layout_roguey, uniq_gastronok, uniq_maurice
D:12:     mludivico_vault, layout_loops_ring, portal_ice_cave_demonic_guard,
          laboratory
Temple:   nicolae_temple_bog_church

Skill      XL: |  1  2  3  4  5  6  7  8  9 10 11 12 |
---------------+-------------------------------------+-----
Fighting       | 1 2 4 5 |  5.1
Hexes          | 1 2 3 5 6 |  6.4
Conjurations   | 5 6 8 |  8.5
Spellcasting   | 3 4 5 6 7 |  7.4
Armour         | 1 3 4 5 |  5.1
Staves         | 1 2 3 4 |  4.3
Evocations     | 2 3 6 |  6.0
Air Magic      | 3 |  3.2
Fire Magic     | 3 |  3.2
Dodging        | 3 4 5 |  5.1
Poison Magic   | 3 |  3.0
Necromancy     | 3 6 |  6.5
Shields        | 3 4 |  4.5
Stealth        | |  2.6

Action                   |  1- 3 |  4- 6 |  7- 9 | 10-12 || total
-------------------------+-------+-------+-------+-------++-------
Melee: Short sword       |     7 |       |       |       ||     7
       Staff             |       |    12 |    58 |    88 ||   158
       Mace              |       |     1 |       |       ||     1
       Punch             |       |       |     3 |       ||     3
Throw: Boomerang         |       |     2 |     2 |     5 ||     9
       Dart              |       |       |     1 |       ||     1
 Cast: Magic Dart        |    26 |    39 |    35 |    14 ||   114
       Searing Ray       |     5 |    27 |    51 |    30 ||   113
       Fulminant Prism   |       |     5 |    47 |    84 ||   136
       Static Discharge  |       |       |    11 |    28 ||    39
       Sticky Flame      |       |       |     2 |     3 ||     5
       Mephitic Cloud    |       |       |       |    16 ||    16
       Dispel Undead     |       |       |       |    23 ||    23
Invok: Curse Item        |       |       |     1 |     5 ||     6
Evoke: Wand              |       |       |     2 |       ||     2
  Use: Scroll            |       |     2 |     2 |     2 ||     6
       Potion            |       |     1 |     3 |     3 ||     7
 Stab: Confused          |       |       |       |     1 ||     1
Armor: Robe              |     3 |     2 |    58 |    15 ||    78
       Scale mail        |       |     1 |       |       ||     1
       Ring mail         |       |       |       |    30 ||    30
Dodge: Dodged            |     3 |    20 |    91 |    84 ||   198
Block: Kite shield       |       |       |       |    35 ||    35

Table legend: (Time is in decaauts)
 A = Elapsed time spent in this place.
 B = Non-inter-level travel time spent in this place.
 C = Inter-level travel time spent in this place.
 D = Time resting spent in this place.
 E = Time spent auto-exploring this place.
 F = Levels seen in this place.
 G = Mean time per level.
                   A        B        C        D        E       F      G
               +--------+--------+--------+--------+--------+-----+--------+
         Total |  17545 |  16862 |    683 |   6170 |   7948 |  14 | 1253.2 |
       Dungeon |  16145 |  15477 |    668 |   5376 |   7701 |  12 | 1345.4 |
        Temple |    182 |    167 |     15 |      0 |    157 |   1 |  182.0 |
       Ossuary |   1216 |   1216 |      0 |    794 |     90 |   1 | 1216.0 |
               +--------+--------+--------+--------+--------+-----+--------+

Top non-repeatable levels by time:
     D:7: 2001 daAuts
     D:5: 1965 daAuts
    D:11: 1724 daAuts
     D:9: 1688 daAuts
     D:4: 1639 daAuts
     D:2: 1597 daAuts
    D:10: 1362 daAuts
 Ossuary: 1216 daAuts
     D:1: 1207 daAuts
     D:3: 1195 daAuts
     D:6: 859 daAuts
     D:8: 852 daAuts
  Temple: 182 daAuts
    D:12: 53 daAuts
